 Dungeon Crawl Stone Soup version 0.27.0-1-g7a089689b8 (webtiles) character file.

Game seed: 10780737319227519803

169278 dolemite99 the Protected (level 17, -2/93 HPs)
             Began as a Gargoyle Earth Elementalist on Aug 8, 2021.
             Was the Champion of Hepliaklqana.
             Shot with an arrow by a centaur warrior (18 damage)
             ... on level 15 of the Dungeon.
             The game lasted 01:17:37 (36123 turns).

dolemite99 the Protected (GrEE)                    Turns: 36123, Time: 01:17:37

Health: -2/93      AC: 36    Str: 15    XL:     17   Next: 96%
Magic:  20/26      EV: 12    Int: 20    God:    Hepliaklqana [******]
Gold:   266        SH: 12    Dex: 10    Spells: 7/28 levels left

rFire    + . .     SeeInvis .   a - +0 fustibalus
rCold    + . .     Faith    .   d - +0 kite shield
rNeg     + . .     Spirit   .   K - +0 ring mail of Caserch {rF+ rC+}
rPois    ∞         Reflect  .   s - +0 helmet
rElec    +         Harm     .   e - +2 cloak
rCorr    .         Rampage  .   n - +2 pair of gloves
Will     +....                  H - +2 pair of boots {Stlth+}
Stlth    ++........             N - amulet of the acrobat
HPRegen  0.25/turn              f - +4 ring of protection
MPRegen  0.20/turn              o - ring of wizardry {=R}

@: flying
A: reduced essence, sickness immunity, AC +12, big wings, negative energy
resistance 1, electricity resistance, torment resistance 1, petrification
resistance
a: Renounce Religion, Recall Ancestor, Ancestor Identity, Transference, Idealise


You were on level 15 of the Dungeon.
You worshipped Hepliaklqana.
Hepliaklqana was exalted by your worship.
You visited 4 branches of the dungeon, and saw 24 of its levels.
You also visited: Sewer and Bailey.

You collected 2582 gold pieces.
You spent 2316 gold pieces at shops.

Inventory:

Hand Weapons
 a - a +0 fustibalus (weapon)
 t - a +4 vampiric eveningstar
 w - the +9 falchion "Gugris" {freeze, Int+4}
   (You found it on level 5 of the Dungeon)

   It freezes those it strikes, dealing additional cold damage.
   It can also slow down cold-blooded creatures.
   Int:       It affects your intelligence (+4).
 W - a +2 vampiric broad axe
Missiles
 h - 226 stones (quivered ammo)
 i - 69 boomerangs
 v - 8 sling bullets
 C - 12 atropa-tipped darts
 O - 91 poisoned darts
Armour
 d - a +0 kite shield (worn)
 e - a +2 cloak (worn)
 n - a +2 pair of gloves (worn)
 s - a +0 helmet (worn)
 H - a +2 pair of boots of stealth (worn)
 K - the +0 ring mail of Caserch (worn) {rF+ rC+}
   (You found it on level 11 of the Dungeon)

   rF:        It protects you from fire.
   rC:        It protects you from cold.
Magical Staves
 b - a staff of earth
Jewellery
 f - a +4 ring of protection (left hand)
 g - an amulet of magic regeneration
 m - a ring of willpower
 o - a ring of wizardry (right hand) {=R}
 p - a ring of willpower
 y - a ring of protection from cold
 D - a ring of fire
 N - an amulet of the acrobat (around neck)
Wands
 j - a wand of polymorph (15)
 l - a wand of flame (68)
 q - a wand of paralysis (4)
 I - a wand of mindburst (30)
 R - a wand of digging (7)
 V - a wand of iceblast (8)
Scrolls
 c - 6 scrolls of teleportation
 x - 8 scrolls of fear
 F - a scroll of summoning
 L - 6 scrolls of identify {@r1}
 Q - 2 scrolls of amnesia
 S - a scroll of silence
 X - 2 scrolls of holy word
 Y - 4 scrolls of blinking
 Z - 2 scrolls of magic mapping
Potions
 k - 6 potions of haste
 r - 4 potions of resistance
 z - 3 potions of brilliance
 A - 3 potions of ambrosia
 B - 2 potions of magic
 E - 3 potions of invisibility
 G - 2 potions of berserk rage
 J - 7 potions of might
 M - 7 potions of cancellation
 P - 5 potions of heal wounds
 T - 4 potions of curing
Miscellaneous
 u - a box of beasts
 U - a condenser vane


   Skills:
 - Level 11.3 Fighting
 - Level 3.0 Long Blades
 - Level 6.7 Maces & Flails
 - Level 12.2 Armour
 - Level 7.2 Dodging
 - Level 2.4 Stealth
 - Level 12.0 Shields
 - Level 6.0 Spellcasting
 - Level 8.2 Conjurations
 + Level 7.1 Transmutations
 - Level 3.0 Air Magic
 - Level 10.7 Earth Magic
 - Level 9.0 Poison Magic
 - Level 7.0 Invocations
 - Level 5.5 Evocations


You had 7 spell levels left.
You knew the following spells:

 Your Spells              Type           Power      Damage    Failure   Level
b - Stone Arrow           Conj/Erth      88%        3d12      1%          3
c - Mephitic Cloud        Conj/Pois/Air  33%        N/A       1%          3
d - Animate Armour        Summ/Erth      54%        N/A       12%         4
e - Passwall              Tmut/Erth      34%        N/A       1%          2
f - Bolt of Magma         Conj/Fire/Erth 15%        4d9       21%         5
g - Sticky Flame          Conj/Fire      22%        2d4       19%         4

Your spell library contained the following spells:

 Spells                   Type           Power      Damage    Failure   Level
 Magic Dart               Conj           100%       1d8       1%          1
 Sandblast                Erth           98%        2d20      1%          1
 Static Discharge         Conj/Air       28%        N/A       1%          2
 Petrify                  Tmut/Erth      41%        N/A       2%          4
 Ignite Poison            Fire/Tmut/Pois 27%        N/A       3%          3
 Conjure Flame            Conj/Fire      22%        6-21      6%          3
 Swiftness                Air            18%        N/A       9%          3
 Iskenderun's Battlesphe  Conj           39%        2d9       10%         5
 Apportation              Tloc           12%        N/A       11%         1
 Alistair's Intoxication  Tmut/Pois      25%        N/A       11%         5
 Call Imp                 Summ           6%         N/A       16%         2
 Blade Hands              Tmut           17%        N/A       16%         5
 Ice Form                 Ice/Tmut       20%        N/A       24%         4
 Frozen Ramparts          Ice            12%        1d3       28%         3
 Iron Shot                Conj/Erth      22%        9d5       30%         6
 Fireball                 Conj/Fire      11%        3d7       45%         5
 Dispel Undead            Necr           6%         3d8       65%         4
 Passage of Golubria      Tloc           N/A        N/A       65%         4
 Summon Ice Beast         Ice/Summ       6%         N/A       65%         4
 Silence                  Hex/Air        6%         N/A       80%         5
 Conjure Ball Lightning   Conj/Air       14%        3x3d6     80%         6
 Orb of Destruction       Conj           19%        9d9       94%         7
 Invisibility             Hex            3%         N/A       100%        6
 Ignition                 Fire           3%         3d4       100%        8
 Lehudib's Crystal Spear  Conj/Erth      22%        10d6      100%        8


Dungeon Overview and Level Annotations

Branches:
Dungeon (15/15)            Temple (1/1) D:5            Lair (6/6) D:11
  Swamp (0/4) Lair:4        Snake (0/4) Lair:2        Slime (0/5) Lair:6
    Orc (2/2) D:12            Elf (0/3) Orc:2        Vaults (0/5) D:13
 Depths (0/5) D:15          Sewer (visited)          Bailey (visited)

Altars:
Ashenzari
Cheibriados
Dithmenos
Elyvilon
Fedhas
Gozag
Hepliaklqana
Kikubaaqudgha
Makhleb
Nemelex Xobeh
Okawaru
Qazlal
Ru
Sif Muna
Trog
Uskayaw
Vehumet
Wu Jian
Xom
Yredelemnul
Zin
The Shining One
Beogh
Jiyva

Shops:
D:1 :   D:2 *   D:13 [   Orc:2 [!*[

Annotations:
D:10 exclusion: downstairs


Innate Abilities, Weirdness & Mutations

Your life essence is reduced to manifest your ancestor. (-10% HP)
You are immune to sickness and miasma.
Your stone body is resilient. (AC +12)
You are immune to poison.
Your large and strong wings let you fly.
You resist negative energy. (rN+)
You are resistant to electric shocks. (rElec)
You are resistant to unholy torment.
You are immune to petrification.


Message History

The centaur warrior is moderately wounded.
The centaur warrior shoots an arrow.
The arrow misses you.
You shoot a stone. The stone hits the centaur warrior!
The centaur warrior is heavily wounded.
The centaur warrior shoots an arrow.
You block the arrow.
You shoot a stone. The stone hits the centaur warrior.
The centaur warrior is heavily wounded.
The centaur warrior shoots an arrow.
The arrow hits you but does no damage.
The centaur warrior shoots an arrow.
The arrow hits you!
You shoot a stone. The stone hits the centaur warrior.
The centaur warrior is heavily wounded.
The centaur warrior shoots an arrow.
The arrow hits you!!
The centaur warrior shoots an arrow.
The arrow hits you.
The centaur warrior shoots an arrow.
The arrow hits you but does no damage.
The centaur warrior shoots an arrow.
The arrow barely misses you.
The centaur warrior shoots an arrow.
You block the arrow.
Casting: Stone Arrow (safe; 1% risk of failure)
Confirm with . or Enter, or press ? or * to list all spells.
Aiming: Stone Arrow (safe; 1% risk of failure)
Press: ? - help, Shift-Dir - straight line, f/p - centaur warrior
Aim: a centaur warrior, wielding a +0 longbow and quivering arrows (moderately wounded, 82% to hit)
The stone arrow hits the centaur warrior!!
The centaur warrior is almost dead.
The centaur warrior shoots an arrow.
The arrow hits you!!
* * * LOW HITPOINT WARNING * * *
Unknown command.
Casting: Stone Arrow (safe; 1% risk of failure)
Confirm with . or Enter, or press ? or * to list all spells.
Aiming: Mephitic Cloud (safe; 1% risk of failure)
Press: ? - help, Shift-Dir - straight line, f/p - centaur warrior
Aim: a centaur warrior, wielding a +0 longbow and quivering arrows (almost dead, chance to affect: 53%)
The ball explodes into a vile cloud!
The stinking cloud engulfs the centaur warrior but does no damage.
The centaur warrior is almost dead.
The centaur warrior is engulfed in noxious fumes.
The centaur warrior shoots an arrow.
The arrow hits you.
* * * LOW HITPOINT WARNING * * *
The centaur warrior is engulfed in noxious fumes.
The centaur warrior shoots an arrow.
The arrow hits you!!
You die...

..... #.....
......###########.....
#.............###
#....#...........#
#....#..○..?.....#
#....#.c§........#
##########.§○........###
#...........#######....#
#......@....#.....#....#
#...........#.....#....#
#...........#...###....#
#....#'#######'##.......
#....#..........#.......
#....#..[.......+.......
#....#..........#.......
#....#..........#.......
#....#..........#.......


You could see a centaur warrior.

Vanquished Creatures
  Rupert (Lair:6)
  Gastronok (Lair:3)
  An orc warlord (Orc:2)
  7 hydras
  A vault guard (D:13)
  2 boulder beetles
  A death knight (D:13)
  3 catoblepae
  An ogre mage (D:15)
  2 death yaks (Lair:6)
  3 two-headed ogres
  Nergalle (Orc:1)
  A skeletal warrior (D:15)
  A necromancer (D:15)
  4 orc sorcerers
  An ugly thing (D:12)
  3 elephants (Lair:6)
  6 black mambas
  9 cane toads
  2 molten gargoyles (Lair:5)
  A gargoyle (D:7)
  An efreet (D:12)
  2 kobold demonologists (D:12)
  8 komodo dragons
  A tengu conjurer (D:13)
  Grinder (D:3)
  2 polar bears
  7 meliai
  Prince Ribbit (D:8)
  A hornet (D:9)
  5 blink frogs
  3 slime creatures (D:12)
  A shadow (D:9)
  38 yaks
  2 wyverns
  A human (D:13)
  3 basilisks
  3 steam dragons
  A vampire mosquito (D:14)
  6 wargs
  Edmund (D:6)
  20 water moccasins
  Duvessa (D:4)
  4 orc warriors
  A sky beast (D:5)
  2 hornet zombies (D:7)
  An ice beast (D:7)
  4 black bears
  8 centaurs
  34 wolves
  2 kobold brigands
  7 bullfrogs
  4 scorpions
  Dowan (D:4)
  A water moccasin skeleton (D:6)
  24 killer bees
  5 wights
  An electric eel (Lair:2)
  5 lava snakes (Lair:5)
  A bullfrog zombie (D:7)
  A centaur zombie (D:8)
  Crazy Yiuf (D:5)
  3 orc priests
  3 hounds
  Jessica (D:2)
  Terence (D:2)
  2 iguanas
  15 orc wizards
  7 hell rats
  2 ogre zombies (D:12)
  2 human simulacra (D:10)
  2 howler monkey zombies
  Robin (D:2)
  9 gnolls
  5 adders
  A howler monkey skeleton (D:7)
  12 river rats
  A shadow imp (D:5)
  2 white imps (D:7)
  2 ufetubi
  A worm (D:2)
  4 dart slugs
  57 orcs
  3 endoplasms
  7 giant cockroaches
  10 goblins
  14 hobgoblins
  5 jackals (D:1)
  6 quokkas
  9 ball pythons
  7 bats
  4 frilled lizards
  A goblin skeleton (D:12)
  2 goblin zombies (D:12)
  A hobgoblin skeleton (D:12)
  3 hobgoblin zombies (D:12)
  33 kobolds
  3 orc skeletons (D:12)
  6 orc zombies (D:12)
  26 rats
541 creatures vanquished.

Vanquished Creatures (collateral kills)
  An orc warlord (Bailey)
  A fire dragon (D:14)
  2 hydras
  A catoblepas (Lair:6)
  2 vault guards (D:13)
  3 centaur warriors
  6 two-headed ogres
  8 death yaks
  A tengu warrior (D:13)
  A shock serpent (shapeshifter) (D:13)
  A skeletal warrior (D:15)
  A flayed ghost (D:15)
  2 deep elf pyromancers
  An ugly thing (D:13)
  A frost giant zombie (D:15)
  3 orc sorcerers
  3 manticores
  2 cyclopes
  2 centaur zombies
  3 black mambas
  4 elephants
  Maggie (D:8)
  4 cane toads
  A kobold demonologist (D:12)
  Psyche (D:11)
  An unseen horror (D:12)
  4 komodo dragons
  2 trolls
  4 meliai
  A polar bear (Lair:4)
  A queen bee (Lair:3)
  2 blink frogs (Lair:3)
  2 shadows (D:12)
  4 wyverns
  Sigmund (D:6)
  3 vampires
  A deep troll skeleton (D:15)
  An ettin skeleton (D:15)
  An ice dragon skeleton (D:15)
  31 yaks
  8 humans (D:13)
  8 vampire mosquitoes
  10 wargs
  An acid dragon (D:12)
  9 water moccasins
  A black bear (Lair:2)
  12 orc warriors
  20 wolves
  5 centaurs
  3 ogres
  5 kobold brigands
  3 bullfrogs
  A gnoll sergeant (D:8)
  2 scorpions (D:5)
  A wyvern skeleton (D:6)
  6 killer bees (Lair:3)
  4 troll zombies (D:12)
  A wight (D:9)
  A howler monkey (D:7)
  A jelly (D:7)
  11 orc priests
  2 gnoll shamans
  2 iguanas
  3 hell rats (Lair:3)
  32 orc wizards
  2 ogre zombies (D:12)
  A howler monkey zombie (D:6)
  8 gnolls
  An adder (Sewer)
  A river rat (Lair:3)
  2 white imps
  An adder skeleton (D:5)
  2 worms (D:5)
  36 orcs
  A ball python (Sewer)
  A hobgoblin (Bailey)
  6 kobolds
  A goblin (Bailey)
  A goblin zombie (D:12)
  A hobgoblin skeleton (D:12)
  An orc skeleton (D:12)
  6 orc zombies (D:12)
  6 rats
345 creatures vanquished.

Vanquished Creatures (others)
  A wolf (Lair:4)
  A komodo dragon (Lair:4)
  A water moccasin (Lair:4)
  A yak (Lair:4)
  A bullfrog (Lair:4)
  10 knights
  4 ancestors
  An orc (Orc:2)
  2 bushes
  29 fungi
  40 plants
  A withered plant (D:15)
92 creatures vanquished.

Grand Total: 978 creatures vanquished

Notes
Turn   | Place    | Note
-------+----------+-------------------------------------------
     0 | D:1      | dolemite99 the Gargoyle Earth Elementalist began the quest
                  | for the Orb.
     0 | D:1      | Reached XP level 1. HP: 10/10 MP: 3/3
   127 | D:1      | Reached skill level 1 in Transmutations
   127 | D:1      | Reached XP level 2. HP: 5/15 MP: 0/5
   328 | D:1      | Learned a level 2 spell: Passwall
   779 | D:1      | Found a faded altar of an unknown god.
   853 | D:1      | Reached skill level 1 in Fighting
   926 | D:1      | Reached XP level 3. HP: 17/20 MP: 6/6
  1237 | D:1      | Found Coeng's Book Shoppe.
  1735 | D:2      | Noticed Jessica
  1742 | D:2      | Killed Jessica
  1743 | D:2      | Reached XP level 4. HP: 26/26 MP: 7/7
  1822 | D:2      | Found Voadgh's Assorted Antiques.
  1835 | D:2      | Noticed Terence
  1854 | D:2      | Killed Terence
  1855 | D:2      | Reached skill level 5 in Earth Magic
  1948 | D:2      | Bought a scroll labelled KONOTHRUNKE for 29 gold pieces
  1948 | D:2      | Bought a lumpy ruby potion for 26 gold pieces
  2091 | D:2      | Noticed Robin
  2099 | D:2      | Killed Robin
  2100 | D:2      | Reached XP level 5. HP: 29/32 MP: 4/8
  2513 | D:3      | Learned a level 3 spell: Stone Arrow
  2577 | D:3      | Found a hazy altar of Hepliaklqana.
  2582 | D:3      | Noticed a black bear
  2593 | D:3      | Killed a black bear
  2594 | D:3      | Reached XP level 6. HP: 25/38 MP: 0/9
  3156 | D:3      | Noticed Grinder
  3158 | D:3      | Paralysed by Grinder for 6 turns
  3168 | D:3      | Killed Grinder
  3169 | D:3      | Reached skill level 5 in Fighting
  3169 | D:3      | Reached XP level 7. HP: 11/44 MP: 4/10
  3899 | D:3      | Became a worshipper of Hepliaklqana the Forgotten
  3975 | D:4      | Noticed Dowan
  4820 | D:4      | Noticed Duvessa
  4830 | D:4      | Killed Duvessa
  4837 | D:4      | Killed Dowan
  5096 | D:4      | Reached XP level 8. HP: 45/49 MP: 10/14
  5381 | D:5      | Entered Level 5 of the Dungeon
  5381 | D:5      | Found a glowing drain.
  5413 | Sewer    | Entered a sewer
  5439 | Sewer    | Reached * piety under Hepliaklqana
  5600 | Sewer    | Reached skill level 5 in Spellcasting
  6008 | Sewer    | Reached skill level 1 in Conjurations
  6039 | Sewer    | Identified a scroll of acquirement
  6039 | Sewer    | Acquired a book of Iron
  6511 | D:5      | Reached skill level 1 in Invocations
  6721 | D:5      | Identified the +9 falchion "Gugris" {freeze, Int+4}
  7010 | D:5      | Found a runed translucent door.
  7011 | D:5      | Noticed Crazy Yiuf
  7019 | D:5      | Killed Crazy Yiuf
  7328 | D:5      | Found a staircase to the Ecumenical Temple.
  7335 | Temple   | Entered the Ecumenical Temple
  7540 | D:5      | Reached skill level 1 in Long Blades
  7827 | D:6      | Reached XP level 9. HP: 48/49 MP: 6/16
  8016 | D:6      | Learned a level 4 spell: Animate Armour
  8447 | D:6      | Learned a level 1 spell: Sandblast
  8870 | D:6      | Noticed Sigmund
  8878 | D:6      | Killed Sigmund
  8900 | D:6      | Reached ** piety under Hepliaklqana
  8901 | D:6      | Remembered your ancestor Takurtum as a knight
  9033 | D:6      | Noticed Edmund
  9046 | D:6      | Killed Edmund
  9689 | D:7      | Reached skill level 1 in Maces & Flails
 10002 | D:7      | Noticed a gargoyle
 10009 | D:7      | Killed a gargoyle
 10010 | D:7      | Reached skill level 5 in Maces & Flails
 10010 | D:7      | Reached XP level 10. HP: 45/56 MP: 6/17
 10886 | D:7      | Reached *** piety under Hepliaklqana
 11063 | D:7      | Found a glowing golden altar of the Shining One.
 11399 | D:8      | Reached skill level 10 in Earth Magic
 11523 | D:8      | Noticed Prince Ribbit
 11528 | D:8      | Killed Prince Ribbit
 11970 | D:8      | Noticed Maggie
 11983 | D:8      | Killed Maggie
 12446 | D:8      | Identified the +4 scale mail of Keimaug {Int+4}
 12859 | D:9      | Reached skill level 5 in Conjurations
 13120 | D:9      | Reached skill level 10 in Fighting
 13120 | D:9      | Reached XP level 11. HP: 61/64 MP: 13/18
 13952 | D:10     | Entered Level 10 of the Dungeon
 13974 | D:10     | Reached skill level 1 in Evocations
 14033 | D:10     | Noticed a two-headed ogre
 14036 | D:10     | Killed a two-headed ogre
 14098 | D:10     | Reached **** piety under Hepliaklqana
 14463 | D:10     | Found an iron altar of Okawaru.
 14684 | D:11     | Found a staircase to the Lair.
 14684 | D:11     | Noticed a death yak
 14684 | D:11     | Noticed a two-headed ogre
 14685 | D:11     | Noticed a death yak
 14685 | D:11     | Noticed a death yak
 14693 | D:10     | Killed a death yak
 14942 | D:11     | Killed a two-headed ogre
 14945 | D:11     | Killed a death yak
 14946 | D:11     | Reached skill level 5 in Invocations
 14951 | D:11     | Killed a death yak
 15319 | D:11     | Identified the +0 ring mail of Caserch {rF+ rC+}
 15656 | D:11     | Noticed a cyclops
 15662 | D:11     | Killed a cyclops
 15796 | D:11     | Reached skill level 5 in Evocations
 16018 | D:11     | Noticed Psyche
 16025 | D:11     | Killed Psyche
 16441 | Lair:1   | Entered Level 1 of the Lair of Beasts
 16576 | D:2      | Bought a small copper ring for 145 gold pieces
 16595 | D:2      | Bought a small diamond amulet for 145 gold pieces
 16603 | D:2      | Learned a level 3 spell: Mephitic Cloud
 16809 | Lair:1   | Noticed an eight-headed hydra
 16817 | Lair:1   | Killed an eight-headed hydra
 16818 | Lair:1   | Reached XP level 12. HP: 70/70 MP: 9/19
 16943 | Lair:1   | Noticed a four-headed hydra
 16948 | Lair:1   | Killed a four-headed hydra
 17007 | Lair:1   | Reached skill level 5 in Shields
 17337 | Lair:1   | Reached skill level 1 in Armour
 17590 | Lair:1   | Reached ***** piety under Hepliaklqana
 18006 | Lair:2   | Found a staircase to the Snake Pit.
 18236 | Lair:2   | Reached skill level 5 in Armour
 18931 | Lair:2   | Noticed a seven-headed hydra
 18936 | Lair:2   | Killed a seven-headed hydra
 19207 | Lair:3   | Noticed an eight-headed hydra
 19249 | Lair:3   | Killed an eight-headed hydra
 19486 | Lair:3   | Noticed an eight-headed hydra
 19491 | Lair:3   | Killed an eight-headed hydra
 19492 | Lair:3   | Reached XP level 13. HP: 72/74 MP: 16/20
 19509 | Lair:3   | Reached skill level 10 in Armour
 20111 | Lair:3   | Noticed Gastronok
 20122 | Lair:3   | Killed Gastronok
 22178 | Lair:4   | Found a staircase to the Swamp.
 22432 | Lair:4   | Gained mutation: Your large and strong wings let you fly.
                  | [Gargoyle growth]
 22432 | Lair:4   | Reached XP level 14. HP: 81/81 MP: 21/21
 23945 | Lair:5   | Reached skill level 1 in Poison Magic
 24864 | Lair:6   | Entered Level 6 of the Lair of Beasts
 25103 | Lair:6   | Noticed Rupert
 25110 | Lair:6   | Killed Rupert
 25144 | Lair:6   | Found a staircase to the Slime Pits.
 25150 | Lair:6   | Found a viscous altar of Jiyva.
 25163 | Lair:6   | Reached skill level 5 in Poison Magic
 25542 | Lair:6   | Got the Collected Works on the Enthralling Arsonist
 26700 | Lair:6   | Reached skill level 1 in Air Magic
 26902 | Lair:6   | Reached XP level 15. HP: 85/85 MP: 11/23
 27642 | D:2      | Bought a runed chain mail for 217 gold pieces
 27642 | D:2      | Bought a potion of invisibility for 232 gold pieces
 28515 | D:12     | Found a staircase to the Orcish Mines.
 29269 | Orc:1    | Entered Level 1 of the Orcish Mines
 29275 | Orc:1    | Reached skill level 5 in Dodging
 29397 | Orc:1    | Found a flagged portal.
 29409 | Bailey   | Entered a bailey
 29414 | Bailey   | Noticed an orc warlord
 29560 | Bailey   | Found a runed translucent gate.
 29594 | Bailey   | Found a runed translucent gate.
 29594 | Bailey   | Found a runed translucent gate.
 29657 | Bailey   | Killed an orc warlord
 29757 | Bailey   | Reached XP level 16. HP: 90/90 MP: 25/25
 29764 | Bailey   | Reached skill level 10 in Shields
 29764 | Bailey   | Reached XP level 17. HP: 93/93 MP: 26/26
 29998 | Orc:1    | Noticed Nergalle
 30007 | Orc:1    | Killed Nergalle
 30008 | Orc:1    | Paralysed by an orc sorcerer for 4 turns
 30381 | Orc:1    | Reached ****** piety under Hepliaklqana
 30411 | Orc:1    | Learned a level 5 spell: Bolt of Magma
 30416 | Orc:1    | Learned a level 4 spell: Sticky Flame
 30714 | Orc:2    | Entered Level 2 of the Orcish Mines
 30726 | Orc:2    | Paralysed by an orc sorcerer for 3 turns
 30757 | Orc:2    | Found a staircase to the Elven Halls.
 30876 | Orc:2    | Found Liylah's Antique Armour Shoppe.
 30899 | Orc:2    | Found Ykidallah's Assorted Antiques.
 30975 | Orc:2    | Found a gate leading to a gauntlet.
 32514 | Orc:2    | Found Somn's Distillery.
 32514 | Orc:2    | Found Umoat's Antique Armour Shop.
 32532 | Orc:2    | Bought a pair of runed gloves for 270 gold pieces
 32534 | Orc:2    | Bought a pair of embroidered gloves for 270 gold pieces
 32545 | Orc:2    | Bought 2 potions of haste for 240 gold pieces
 32545 | Orc:2    | Bought a potion of haste for 120 gold pieces
 32545 | Orc:2    | Bought a potion of heal wounds for 60 gold pieces
 32576 | Orc:2    | Bought a scroll of summoning for 218 gold pieces
 32576 | Orc:2    | Bought a wand of iceblast (8) for 92 gold pieces
 32600 | Orc:2    | Bought a steaming ring mail for 252 gold pieces
 32600 | Orc:2    | Identified the +3 ring mail "Azxeer" {rElec rC+ Int+3} (You
                  | bought it in a shop on level 2 of the Orcish Mines)
 32942 | D:13     | Found a gate to the Vaults.
 33810 | D:13     | Found Satun's Antique Armour Shoppe.
 34441 | D:14     | Reached skill level 5 in Transmutations
 34611 | D:14     | Found an iron altar of Okawaru.
 35124 | D:15     | Entered Level 15 of the Dungeon
 35812 | D:15     | Found a staircase to the Depths.
 36123 | D:15     | Shot with an arrow by a centaur warrior

Illustrated notes

Levels and vault maps discovered:
D:1:      nicolae_arrival_somewhat_less_tricky_arrival, layout_basic,
          ebering_ecumenical_altar_petrified, serial_shops, shop
D:2:      layout_basic, serial_shops, nicolae_shop_overgrown_old_shop,
          grunt_ministairs_9, uniq_terence, uniq_jessica, uniq_robin
D:3:      layout_basic, nicolae_overflow_hidden_temple, uniq_grinder
D:4:      layout_basic, uniq_duvessa
D:5:      layout_rooms, temple_statues, portal_sewer_entry_a,
          uniq_crazy_yiuf_cottage
D:6:      layout_basic, uniq_edmund, uniq_sigmund
D:7:      layout_layer_cave, tso_altar, minivault_26, minmay_misc_feat_encased,
          nzn_random_ring
D:8:      layout_basic, uniq_maggie, uniq_prince_ribbit1
D:9:      minmay_recursive_quarters, layout_basic, serial_corexii_hall,
          corexii_hall_statues_l, corexii_hall_statues_l,
          corexii_hall_statues_l, corexii_hall_statues_u,
          chequers_hall_statues_wall_a, chequers_hall_statues_corner_a,
          minmay_fractal_squares_5
D:10:     layout_cave_pools, minmay_strange_pillars, glass_columns_a,
          kennysheep_diamond, bh_circular_ruins
D:11:     layout_gridville, dpeg_lair_monsters, uniq_psyche
D:12:     layout_stronghold, zombieorc2_lemuel
D:13:     layout_irregular_city, ximxim_vaults_locker_room, serial_shops, shop
D:14:     layout_irregular_city, okawaru_trees_1
D:15:     gammafunk_depths_entry_grave, layout_gridville
Temple:   regret_index_temple_chain_breaker
Lair:1:   layout_small_grid
Lair:2:   layout_roguey, minmay_snake_entry_six_corridors,
          chequers_serial_rivers_small_3, serial_bayou_pond_c,
          serial_bayou_pond_b, beast_lair_carwin_9
Lair:3:   regret_index_combs_of_tragedy, layout_loops_ring,
          kennysheep_abandoned_house, uniq_gastronok
Lair:4:   layout_roguey, minmay_swamp_entry_reptiles,
          grunt_forest_large_clearings
Lair:5:   cheibrodos_magma_flow, layout_long_grid,
          eino_small_chamber_without_monster
Lair:6:   evilmike_catoblepas_cave, layout_gridlike, slime_altar_1,
          serial_bayou_crossing, infiniplex_staircase_pool_2,
          grunt_megastairs_4, lemuel_fruit_tree, uniq_rupert
Orc:1:    cheibrodos_orc_guarddog, layout_diamond_mine, enter_bailey_2,
          nicolae_orc_damp_corner, uniq_nergalle
Orc:2:    st_orc_town, layout_caves, gauntlet_entry_generic, enter_volcano_2

Skill      XL: |  1  2  3  4  5  6  7  8  9 10 11 12 13 14 15 16 17 |
---------------+----------------------------------------------------+-----
Transmutations | 1 7 |  7.1
Earth Magic    | 4 5 6 7 9 10 | 10.7
Fighting       | 1 2 3 4 5 7 10 11 | 11.3
Spellcasting   | 4 5 6 |  6.0
Conjurations   | 4 6 7 8 |  8.2
Invocations    | 2 7 |  7.0
Long Blades    | 2 3 |  3.0
Maces & Flails | 5 6 |  6.7
Evocations     | 5 |  5.5
Shields        | 3 7 8 10 12 | 12.0
Armour         | 9 12 | 12.2
Poison Magic   | 9 |  9.0
Air Magic      | 3 |  3.0
Dodging        | 7 |  7.2
Stealth        | |  2.4

Action                   |  1- 3 |  4- 6 |  7- 9 | 10-12 | 13-15 | 16-18 || total
-------------------------+-------+-------+-------+-------+-------+-------++-------
Melee: Falchion          |    29 |    28 |    31 |       |   107 |       ||   195
       Short sword       |       |       |    13 |       |       |       ||    13
       Dire flail        |       |       |    11 |    24 |       |       ||    35
       Morningstar       |       |       |       |       |    10 |       ||    10
       Staff             |       |       |       |       |     6 |     2 ||     8
       Eveningstar       |       |       |       |       |     4 |       ||     4
       Fustibalus        |       |       |       |       |       |     2 ||     2
 Fire: Hunting sling     |       |       |    56 |    57 |       |       ||   113
       Shortbow          |       |       |    43 |    59 |       |       ||   102
       Fustibalus        |       |       |       |    18 |   178 |   355 ||   551
Throw: Boomerang         |       |       |     5 |    11 |    83 |       ||    99
       Dart              |       |       |       |       |     1 |       ||     1
 Cast: Sandblast         |    30 |    50 |   147 |   191 |   196 |    14 ||   628
       Stone Arrow       |       |     1 |    22 |    21 |   119 |    53 ||   216
       Animate Armour    |       |       |       |       |     2 |       ||     2
       Mephitic Cloud    |       |       |       |       |    31 |    10 ||    41
Invok: Recall Ancestor   |       |       |     2 |     3 |     6 |       ||    11
       Ancestor Life: Kn |       |       |     1 |       |       |       ||     1
       Transference      |       |       |       |     2 |       |       ||     2
       Idealise          |       |       |       |       |     6 |     1 ||     7
Evoke: Wand              |       |       |       |    30 |    44 |     1 ||    75
       Box of beasts     |       |       |       |       |     2 |     1 ||     3
       Condenser vane    |       |       |       |       |     1 |       ||     1
  Use: Scroll            |       |     4 |    12 |    19 |     8 |     4 ||    47
       Potion            |       |     1 |     1 |       |     1 |     1 ||     4
 Stab: Sleeping          |     1 |       |     1 |       |       |       ||     2
       Distracted        |       |     1 |       |       |     2 |       ||     3
       Paralysed         |       |       |       |       |     3 |       ||     3
       Confused          |       |       |       |       |     1 |       ||     1
Armor: Robe              |    44 |    19 |    86 |    14 |       |       ||   163
       Scale mail        |       |       |       |   145 |   225 |    49 ||   419
       Ring mail         |       |       |       |       |       |    60 ||    60
Dodge: Dodged            |    58 |    27 |   108 |   100 |   143 |    84 ||   520
Block: Kite shield       |       |       |       |    23 |   185 |   122 ||   330
       Rpst.: Falchion   |     7 |     4 |    10 |       |    22 |       ||    43
